AoeStats
← Form 1040

African Clearing

510311168Analyzed
4v4 RM · 2d ago on Sep 30, 2026· 43m 37s· 8 players
Game mode
Random Map
Map size
Large (8 player)
Population
200
Speed
Normal
Resources
Standard
Victory
Conquest
Starting age
Dark Age
Ending age
Imperial Age
RankedLock teamsTeams togetherTeam positionsShared explorationLock speedFull tech treeHidden civsTurbo modeCheats
Victory
Defeat
🇨🇳 Vietnamese · China
1852
+9
🇺🇸 Spanish · United States
1631
+18
🇨🇳 Magyars · China
1556
+21
🇯🇵 Maya · Japan
1340
+91
🇨🇴 Mongols · Colombia
1675
-20
🇨🇳 Huns · China
1665
-19
🇨🇳 Magyars · China
1656
-19
🇨🇳 Mapuche · China
1646
-18
EL TIGRE ABELARDO
11:49 Feudal Age
12:36 Double-Bit Axe
12:38 Horse Collar
13:12 Loom
15:20 Forging
24:11 Castle Age
22:44 Fletching
28:41 Bodkin Arrow
29:14 Bow Saw
30:58 Heavy Plow
31:01 Padded Archer Armor
32:30 Ballistics
35:32 Bloodlines
36:22 Leather Archer Armor
36:40 Scale Barding Armor
36:42 Husbandry
38:29 Chain Barding Armor
42:04 Wheelbarrow
41:15 Town Watch
LUCKY
6:45 Loom
12:05 Feudal Age
12:50 Double-Bit Axe
17:08 Castle Age
15:07 Town Watch
17:36 Stone Mining
17:34 Horse Collar
18:09 Bow Saw
28:15 Fletching
30:35 Wheelbarrow
35:08 Bodkin Arrow
40:26 Hand Cart
41:10 Gold Mining
只会打步弓
5:03 Loom
12:02 Feudal Age
12:43 Double-Bit Axe
12:39 Horse Collar
13:58 Fletching
15:16 Padded Archer Armor
17:38 Wheelbarrow
25:00 Castle Age
25:09 Elite Skirmisher
小胖子
11:47 Feudal Age
12:30 Double-Bit Axe
15:08 Horse Collar
20:37 Castle Age
19:45 Fletching
20:09 Bloodlines
19:50 Gold Mining
21:26 Bodkin Arrow
22:32 Padded Archer Armor
23:09 Loom
27:10 Husbandry
27:25 Leather Archer Armor
28:13 Ballistics
39:13 Imperial Age
37:32 Wheelbarrow
37:31 Thumb Ring
40:17 Bracer
42:06 Chemistry
41:06 Heavy Cavalry Archer
42:54 Parthian Tactics
43:43 Conscription
43:30 Recurve Bow
Its Jskillz
4:04 Loom
14:23 Feudal Age
15:22 Double-Bit Axe
18:14 Castle Age
16:56 Horse Collar
20:06 Bow Saw
20:49 Gold Mining
35:03 Bloodlines
36:45 Husbandry
40:07 Wheelbarrow
40:33 Light Cavalry
42:37 Padded Archer Armor
44:06 Hand Cart
Hotaru猪
10:24 Loom
12:54 Feudal Age
14:27 Double-Bit Axe
17:15 Castle Age
26:53 Bow Saw
28:44 Husbandry
29:19 Scale Barding Armor
30:32 Wheelbarrow
31:37 Bloodlines
31:46 Gold Mining
33:08 Chain Barding Armor
33:03 Horse Collar
37:50 Imperial Age
35:54 Corvinian Army
35:52 Stone Mining
37:20 Heavy Plow
39:10 Plate Barding Armor
38:16 Elite Magyar Huszar
41:15 Hand Cart
42:23 Fletching
42:34 Padded Archer Armor
43:18 Bodkin Arrow
爱种田的太奶
7:11 Loom
11:03 Feudal Age
11:42 Double-Bit Axe
12:49 Horse Collar
14:19 Town Watch
16:32 Wheelbarrow
23:14 Castle Age
23:01 Scale Barding Armor
23:07 Forging
23:04 Scale Barding Armor
25:14 Husbandry
25:41 Bloodlines
27:50 Bow Saw
31:43 Fletching
34:05 Bodkin Arrow
35:05 Padded Archer Armor
36:07 Ballistics
37:15 Leather Archer Armor
42:27 Hand Cart
Form 1040
9:36 Loom
12:32 Feudal Age
12:34 Man-at-Arms
13:09 Double-Bit Axe
23:24 Castle Age
23:44 Crossbowman
43:51 Fletching
Connection lost

Rejoining the realm…

Still unreachable

The connection could not be restored.

Session expired

The server has moved on; the page needs a fresh start.